 Dungeon Crawl Stone Soup version 0.30-a0-377-g5cb311bc9f (webtiles) character file.

Game seed: 13942506951584025013

249 retardedninja the Trooper (level 6, 0/56 HPs)
             Began as a Hill Orc Fighter on Nov 30, 2022.
             Killed by divine providence
             ... invoked by an orc priest
              (16 damage)
             ... on level 3 of the Dungeon.
             The game lasted 00:03:35 (3209 turns).

retardedninja the Trooper (Hill Orc Fighter)        Turns: 3209, Time: 00:03:35

Health: 0/56       AC: 12    Str: 21    XL:     6   Next: 12%
Magic:  6/6        EV: 13    Int:  8    God:
Gold:   172        SH:  4    Dex: 10    Spells: 5/5 levels left

rFire   . . .      SeeInvis .    a - +0 war axe
rCold   . . .      Faith    .    c - +0 buckler
rNeg    . . .      Spirit   .    b - +0 scale mail
rPois   .          Reflect  .    q - +0 helmet
rElec   .          Harm     .    (no cloak)
rCorr   .          Rampage  .    (no gloves)
Will    .....                    (no boots)
Stlth   ..........               (no amulet)
HPRegen 0.29/turn                e - +4 ring of protection
MPRegen 0.10/turn                l - +4 ring of evasion

@: no status effects
A: no striking features
a: Convert to Beogh


You were on level 3 of the Dungeon.
You visited 1 branch of the dungeon, and saw 3 of its levels.

You collected 172 gold pieces.

Inventory:

Hand Weapons
 a - a +0 war axe (weapon)
Missiles
 t - a throwing net (quivered)
Armour
 b - a +0 scale mail (worn)
 c - a +0 buckler (worn)
 q - a +0 helmet (worn)
Jewellery
 e - a +4 ring of protection (left hand)
 l - a +4 ring of evasion (right hand)
Scrolls
 d - a scroll of silence {unknown}
 f - a scroll of enchant weapon {unknown}
 m - 2 scrolls of magic mapping {unknown}
 n - 2 scrolls of identify {unknown}
 p - a scroll of immolation {unknown}
 s - a scroll of teleportation {unknown}
 u - a scroll of poison {unknown}
Potions
 g - a potion of curing
 h - a potion of magic {unknown}
 i - 2 potions of mutation {unknown}
 j - a potion of haste {unknown}
 k - a potion of ambrosia {unknown}
 o - 2 potions of heal wounds {unknown}
 r - a potion of invisibility {unknown}


   Skills:
 + Level 5.0 Fighting
 + Level 4.6 Axes
 + Level 4.6 Armour
 + Level 4.6 Shields


You had 5 spell levels left.
You didn't know any spells.
Your spell library contained the following spells:

 Spells                   Type           Power      Damage    Failure   Level
 Dazzling Flash           Conj/Hex       0%         N/A       99%         3
 Gell's Gravitas          Tloc           0%         N/A       99%         3
 Teleport Other           Tloc           0%         N/A       99%         3
 Iskenderun's Mystic Bla  Conj/Tloc      0%         2d3       100%        4
 Dispersal                Tloc           0%         N/A       100%        6
 Starburst                Conj/Fire      0%         6d3       100%        6


Dungeon Overview and Level Annotations

Branches:
Dungeon (3/15)

Altars:
Gozag
Hepliaklqana
Vehumet


Message History

* * * LOW HITPOINT WARNING * * *
The orc completely misses you.
It was a potion of curing.
You feel better. The orc misses you.
You hit the orc.
The orc is severely wounded.
The orc priest calls down the wrath of Beogh upon you.
Beogh smites you!
* * * LOW HITPOINT WARNING * * *
The orc barely misses you.
You hit the orc.
You kill the orc!
The orc priest threatens, "By the altar or by the axe, you will meet Beogh!"
You hit the orc priest.
The orc priest is lightly wounded.
The orc priest mumbles some strange prayers to Beogh against you.
You barely resist. You block the orc priest's attack.
You hit the orc priest.
The orc priest is heavily wounded.
The orc priest shouts, "Join the one true god or die!"
The orc priest closely misses you.
You barely miss the orc priest.
The orc priest shouts, "Beogh is our master!
Accept the truth or die!"
The orc priest is heavily wounded.
The orc priest casts a cantrip, but nothing happens.
You hit the orc priest.
The orc priest is heavily wounded.
The orc priest shouts, "Surrender to Beogh and we'll let you live!"
The orc priest hits you but does no damage.
The orc priest barely misses you.
You hit the orc priest but do no damage.
The orc priest is heavily wounded.
The orc priest hits you but does no damage.
You barely miss the orc priest.
The orc priest is heavily wounded.
The orc priest closely misses you.
You hit the orc priest but do no damage.
The orc priest is heavily wounded.
The orc priest invokes the aid of Beogh against you.
Beogh smites you!
You die...

...................
#.oo...#####...#...#####
#.... ##...#........
.... ####......###.###
o.! #...............
#..# #..........####..
#..# #..........# #.
#.o###..........# #.
#...o@..........# ##
#...##..........#
#...######......#
#...#########.#.# ##
#...........(...# #.
#.#.#########...# #.
#.#...#######...# #.
#.#...........#.# #.
#.#..........<#.# #.


You could see an orc priest and an orc (wandering).

Vanquished Creatures
  2 orc priests (D:3)
  Jessica (D:3)
  Terence (D:2)
  Natasha (D:3)
  4 gnolls
  3 adders
  A dart slug (D:2)
  An orc (D:3)
  5 endoplasms
  3 giant cockroaches
  8 goblins
  A hobgoblin (D:1)
  3 jackals (D:2)
  3 quokkas
  3 ball pythons
  6 bats
  3 kobolds
  3 rats
52 creatures vanquished.

Notes
Turn   | Place    | Note
-------+----------+-------------------------------------------
     0 | D:1      | retardedninja the Hill Orc Fighter began the quest for the
                  | Orb.
     0 | D:1      | Reached XP level 1. HP: 19/19 MP: 1/1
   141 | D:1      | Reached XP level 2. HP: 27/27 MP: 2/2
   845 | D:2      | Reached skill level 4 in Fighting
   845 | D:2      | Reached XP level 3. HP: 29/33 MP: 3/3
   886 | D:2      | Noticed Terence
   895 | D:2      | Killed Terence
  1016 | D:2      | Reached XP level 4. HP: 36/40 MP: 4/4
  1042 | D:2      | Found a faded altar of an unknown god.
  1734 | D:3      | Noticed Jessica
  1750 | D:3      | Killed Jessica
  1860 | D:3      | Reached XP level 5. HP: 35/47 MP: 5/5
  2759 | D:3      | Found a radiant altar of Vehumet.
  2779 | D:3      | Noticed Natasha
  2795 | D:3      | Killed Natasha
  3050 | D:3      | Found a hazy altar of Hepliaklqana.
  3148 | D:3      | Found an opulent altar of Gozag.
  3197 | D:3      | Reached skill level 5 in Fighting
  3197 | D:3      | Reached XP level 6. HP: 30/56 MP: 6/6
  3209 | D:3      | Killed from afar by an orc priest

Illustrated notes

Levels and vault maps discovered:
D:1:      dreamdust_arrival_beginning_and_end, layout_loops_ring
D:2:      layout_basic, basic_ecumenical_altar, st_stairs_6, uniq_terence
D:3:      layout_basic, mainiacjoe_overflow_alcove_1, grunt_gozag_breadcrumbs,
          lemuel_doored_altar, lemuel_tele_altar,
          nicolae_kite_square_tiling_tiny, uniq_natasha, uniq_sigmund,
          uniq_jessica

Skill      XL: |  1  2  3  4  5 |
---------------+----------------+-----
Axes           | 3 4 |  4.6
Fighting       | 4 5 |  5.0
Shields        | 4 |  4.6
Armour         | 4 |  4.6

Action                   |  1- 3 |  4- 6 || total
-------------------------+-------+-------++-------
Melee: War axe           |    94 |   111 ||   205
  Use: Potion            |       |     2 ||     2
Armor: Scale mail        |    51 |    52 ||   103
Dodge: Dodged            |    48 |    74 ||   122
Block: Buckler           |    25 |    26 ||    51

Table legend: (Time is in decaauts)
 A = Elapsed time spent in this place.
 B = Non-inter-level travel time spent in this place.
 C = Inter-level travel time spent in this place.
 D = Time resting spent in this place.
 E = Time spent auto-exploring this place.
 F = Levels seen in this place.
 G = Mean time per level.
                   A        B        C        D        E       F      G
               +--------+--------+--------+--------+--------+-----+--------+
         Total |   3300 |   3226 |     74 |    992 |   1652 |   3 | 1100.0 |
       Dungeon |   3300 |   3226 |     74 |    992 |   1652 |   3 | 1100.0 |
               +--------+--------+--------+--------+--------+-----+--------+

Top non-repeatable levels by time:
     D:2: 1672 daAuts
     D:1: 824 daAuts
     D:3: 803 daAuts
